 Seeded DCSS version 0.29.1-2-gbd0b4ee654 (webtiles) character file.

Game seed: 86594 (custom seed)

54 Ashen the Chiller (level 3, -1/26 HPs)
             Began as a Demonspawn Ice Elementalist on Oct 31, 2022.
             Slain by a goblin
             ... wielding a +0 club
             ... led by Robin
              (5 damage)
             ... on level 2 of the Dungeon.
             The game lasted 00:04:54 (1722 turns).

Ashen the Chiller (Demonspawn Ice Elementalist)     Turns: 1722, Time: 00:04:54

Health: -1/26      AC:  3    Str:  8    XL:     3   Next: 66%
Magic:  0/6        EV: 12    Int: 18    God:
Gold:   115        SH:  0    Dex: 19    Spells: 5/6 levels left

rFire   . . .      SeeInvis .   h - +0 spear
rCold   . . .      Faith    .   (no shield)
rNeg    . . .      Spirit   .   g - +0 leather armour
rPois   .          Reflect  .   (no helmet)
rElec   .          Harm     .   (no cloak)
rCorr   .          Rampage  .   (no gloves)
Will    .....                   (no boots)
Stlth   ++........              (no amulet)
HPRegen 1.08/turn               k - +6 ring of dexterity
MPRegen 0.10/turn               q - ring of wizardry

@: no status effects
A: powered by death 1, powered by pain 1
a: no special abilities


You were on level 2 of the Dungeon.
You visited 1 branch of the dungeon, and saw 3 of its levels.

You collected 115 gold pieces.

Inventory:

Hand Weapons
 h - a +0 spear (weapon)
Armour
 a - a +0 robe
 g - a +0 leather armour (worn)
Jewellery
 k - a +6 ring of dexterity (left hand)
 q - a ring of wizardry (right hand)
Scrolls
 c - 4 scrolls of identify {unknown}
 e - a scroll of teleportation {unknown}
 f - a scroll of enchant weapon {unknown}
 i - a scroll of blinking {unknown}
 r - a scroll of magic mapping {unknown}
Potions
 b - a potion of magic
 d - a potion of resistance {unknown}
 j - a potion of attraction {unknown}
 l - a potion of invisibility {unknown}
 m - 2 potions of brilliance {unknown}
 n - a potion of cancellation {unknown}
 o - a potion of mutation {unknown}
 p - a potion of ambrosia {unknown}


   Skills:
 + Level 1.1 Fighting
 + Level 2.2 Dodging
 + Level 2.4 Stealth
 + Level 2.4 Spellcasting
 + Level 3.9 Ice Magic


You had 5 spell levels left.
You knew the following spells:

 Your Spells              Type           Power      Damage    Failure   Level
a - Freeze                Ice            64%        1d8       1%          1

Your spell library contained the following spells:

 Spells                   Type           Power      Damage    Failure   Level
 Frozen Ramparts          Ice            32%        1d5       6%          3
 Ozocubu's Armour         Ice            16%        N/A       6%          3
 Hailstorm                Conj/Ice       9%         3d4       41%         4


Dungeon Overview and Level Annotations

Branches:
Dungeon (3/15)

Altars:

Annotations:
D:2 Robin


Innate Abilities, Weirdness & Mutations

You regenerate a little health from kills.
You sometimes gain a little power by taking damage.


Message History

The goblin misses you.
Casting: Freeze (safe; 1% risk of failure)
Confirm with . or Enter, or press ? or * to list all spells.
Aiming: Freeze (safe; 1% risk of failure)
Press: ? - help, Shift-Dir - straight line, f - goblin
Aim: a goblin, wielding a +0 dagger (strong)
You freeze the goblin.
You kill the goblin!
Robin flexes a bicep menacingly.
Casting: Freeze (safe; 1% risk of failure)
Confirm with . or Enter, or press ? or * to list all spells.
Aiming: Freeze (safe; 1% risk of failure)
Press: ? - help, Shift-Dir - straight line, f - Robin
Aim: Robin, wielding a +0 short sword, wearing a +0 animal skin and wearing the +0 helmet of Gravity {Fly Str+4 Int-2} You freeze Robin.
Robin is moderately wounded.
Robin roars a battlecry!
The goblins go into a battle-frenzy!
Casting: Freeze (safe; 1% risk of failure)
Confirm with . or Enter, or press ? or * to list all spells.
Aiming: Freeze (safe; 1% risk of failure)
Press: ? - help, Shift-Dir - straight line, f/p - Robin
Aim: Robin, wielding a +0 short sword, wearing a +0 animal skin and wearing the +0 helmet of Gravity {Fly Str+4 Int-2} (moderately wounded)
You freeze Robin.
Robin is heavily wounded.
Robin throws the goblin at you! The hobgoblin closely misses you.
The goblin hits you with a +0 club.
* * * LOW HITPOINT WARNING * * *
Unknown command.
Casting: Freeze (safe; 1% risk of failure)
Confirm with . or Enter, or press ? or * to list all spells.
Aiming: Freeze (safe; 1% risk of failure)
Press: ? - help, Shift-Dir - straight line, f/p - Robin
Aim: Robin, wielding a +0 short sword, wearing a +0 animal skin and wearing the +0 helmet of Gravity {Fly Str+4 Int-2} (heavily wounded)
You freeze Robin.
Robin is severely wounded.
Robin hits you with a +0 short sword.
* * * LOW HITPOINT WARNING * * *
The hobgoblin closely misses you. The goblin hits you with a +0 club.
You die...

#.. ##..###...#
#.........# #...#
#...####.#.......# #.#.#
##.......#.......# #.#.#
#...##..#########
#.###.#.# ##...##.##
......#.###....#..#
...#...##.......##
...............########
#######.##)@gg........###
#.##ggg.#g#...>...#
#.##.#g##...####..
#.#..#..###.## #.#..##.#
#.g# #....# .. ##.#
..#..# #.###.## .....#
..##g.# #. .... #.###g#


You could see Robin, a hobgoblin (strong) and 5 goblins.

Vanquished Creatures
  3 dart slugs
  4 ball pythons
  2 endoplasms (D:2)
  A giant cockroach (D:1)
  6 goblins
  9 hobgoblins
  A quokka (D:2)
  4 bats (D:1)
  3 frilled lizards
  6 kobolds
  4 rats
43 creatures vanquished.

Notes
Turn   | Place    | Note
-------+----------+-------------------------------------------
     0 | D:1      | Ashen the Demonspawn Ice Elementalist began the quest for
                  | the Orb.
     0 | D:1      | Reached XP level 1. HP: 13/13 MP: 3/3
   335 | D:1      | Gained mutation: You sometimes gain a little power by
                  | taking damage. [demonic ancestry]
   335 | D:1      | Reached XP level 2. HP: 19/19 MP: 3/5
  1015 | D:1      | Gained mutation: You regenerate a little health from kills.
                  | [demonic ancestry]
  1015 | D:1      | Reached XP level 3. HP: 24/25 MP: 6/6
  1306 | D:2      | Reached skill level 1 in Fighting
  1467 | D:2      | Identified the +0 helmet of Gravity {Fly Str+4 Int-2}
  1467 | D:2      | Noticed Robin
  1722 | D:2      | Slain by a goblin

Illustrated notes

Levels and vault maps discovered:
D:1:      co_arrival_square_in_a_square_in_a_square, layout_basic
D:2:      layout_rooms, hellmonk_ecumenical_altar_leap_of_faith, uniq_robin,
          uniq_sigmund
D:3:      layout_rooms, interstate_on_off, minmay_misc_feat_alley,
          nicolae_wormholes

Skill      XL: |  1  2  3 |
---------------+----------+-----
Stealth        | 2 |  2.4
Dodging        | 2 |  2.2
Fighting       | 1 |  1.1
Spellcasting   | |  2.4
Ice Magic      | |  3.9

Action                   || total
-------------------------++-------
Melee: Unarmed           ||     2
       Spear             ||    76
       Punch             ||     2
 Cast: Freeze            ||    46
 Stab: Sleeping          ||     3
Armor: Leather armour    ||    24
Dodge: Dodged            ||    54
